 Dungeon Crawl Stone Soup version 0.23.1-41-g7e51ed32d8 (webtiles) character file.

Game seed: 15695636714564651043

91 Oninnaise the Skirmisher (level 4, -1/35 HPs)
             Began as a Demonspawn Fighter on Mar 29, 2019.
             Slain by an orc
             ... wielding a +0 club
              (2 damage)
             ... on level 2 of the Dungeon.
             The game lasted 00:03:13 (2151 turns).

Oninnaise the Skirmisher (Demonspawn Fighter)       Turns: 2151, Time: 00:03:14

Health: -1/35      AC:  6    Str: 17    XL:     4   Next: 34%
Magic:  4/4        EV:  7    Int:  9    God:
Gold:   75         SH:  9    Dex: 13    Spells: 3/3 levels left

rFire    + . .     SeeInvis .   a - +0 flail
rCold    . . .     Gourm    .   c - +0 shield
rNeg     . . .     Faith    .   b - +0 scale mail
rPois    .         Spirit   .   (no helmet)
rElec    .         Reflect  .   (no cloak)
rCorr    .         Harm     .   (no gloves)
MR       .....                  (no boots)
Stlth    ..........             (no amulet)
HPRegen  0.11/turn              (no ring)
MPRegen  0.09/turn              (no ring)

@: no status effects
A: claws 1, fire resistance 1
a: no special abilities


You were on level 2 of the Dungeon.
You were not hungry.

You visited 1 branch of the dungeon, and saw 3 of its levels.

You collected 75 gold pieces.

Inventory:

Hand Weapons
 a - a +0 flail (weapon)
Armour
 b - a +0 scale mail (worn)
 c - a +0 shield (worn)
Scrolls
 e - a scroll of enchant weapon {unknown}
 f - 2 scrolls of blinking {unknown}
 h - 4 scrolls of identify {unknown}
 j - 3 scrolls of enchant armour {unknown}
 k - a scroll of teleportation {unknown}
 l - 2 scrolls of remove curse {unknown}
Potions
 d - a potion of might
 g - a potion of heal wounds {unknown}
 i - a potion of curing {unknown}
 m - a potion of brilliance {unknown}


   Skills:
 + Level 3.3 Fighting
 + Level 3.1 Maces & Flails
 + Level 3.3 Armour
 + Level 0.4 Dodging
 + Level 3.0 Shields


You had 3 spell levels left.
You didn't know any spells.
Your spell library was empty.

Dungeon Overview and Level Annotations

Branches:
Dungeon (3/15)

Altars:
Dithmenos


Innate Abilities, Weirdness & Mutations

You have sharp fingernails.
Your flesh is heat resistant. (rF+)


Message History

You open the door. The orc hits you with a +0 club.
* * * LOW HITPOINT WARNING * * *
There is an open door here.
The orc wizard casts a spell.
The orc wizard blinks!
The orc wizard mumbles some strange words.
The orc wizard blinks!
The orc wizard hits you with a +0 dagger.
* * * LOW HITPOINT WARNING * * *
There is an escape hatch in the ceiling here.
The orc hits you with a +0 club.
* * * LOW HITPOINT WARNING * * *
The orc wizard closely misses you. A mysterious force pulls you upwards.
The hatch slams shut behind you.
You hit the orc.
The orc is severely wounded.
The orc wizard hits you with a +0 dagger.
* * * LOW HITPOINT WARNING * * *
The orc hits you with a +0 club.
You die...

####.......# #...# #....#
.......##### ###.# #....#
####..## #.## #....#
......###########..# #....#
##.................#####.##
...##.#...).........###..#
.####.#...........#).#...#
.# #.##..........##.#.#.#
## #.##........@.##.#.#.#
#.##.......oo.##.....#
#####.##................##
.#......................#
.#.....................##
.#......######.........#
........# #......=..#
#.......# #.........#
#.......### #.........#


You could see an orc wizard and an orc.

Vanquished Creatures
  2 adders (D:2)
  A worm (D:2)
  A leopard gecko (D:2)
  4 orcs (D:3)
  7 giant cockroaches
  4 goblins
  12 hobgoblins
  2 jackals (D:1)
  10 bats
  4 frilled lizards
  8 kobolds
  2 rats
57 creatures vanquished.

Notes
Turn   | Place    | Note
-------+----------+-------------------------------------------
     0 | D:1      | Oninnaise the Demonspawn Fighter began the quest for the
                  | Orb.
     0 | D:1      | Reached XP level 1. HP: 18/18 MP: 1/1
   162 | D:1      | Gained mutation: You have sharp fingernails. [demonic
                  | ancestry]
   162 | D:1      | Reached XP level 2. HP: 17/24 MP: 2/2
   649 | D:2      | Gained mutation: Your flesh is heat resistant. (rF+)
                  | [demonic ancestry]
   649 | D:2      | Reached XP level 3. HP: 28/29 MP: 3/3
  1303 | D:2      | Reached XP level 4. HP: 34/35 MP: 4/4
  1502 | D:2      | Found a shadowy altar of Dithmenos.
  2151 | D:2      | HP: 1/35 [orc wizard/+0 dagger (2)]
  2151 | D:2      | Slain by an orc

Skill      XL: |  1  2  3  4 |
---------------+-------------+-----
Maces & Flails | 2 3 |  3.1
Armour         | 3 |  3.3
Shields        | 3 |  3.0
Fighting       | |  3.3
Dodging        | |  0.4

Action                   |  1- 3 |  4- 6 || total
-------------------------+-------+-------++-------
Melee: Flail             |   131 |    76 ||   207
  Eat: Ration            |     1 |     1 ||     2
Armor: Scale mail        |    73 |    49 ||   122
Dodge: Dodged            |    48 |    37 ||    85
Block: Shield            |    78 |    58 ||   136
